 Dungeon Crawl Stone Soup version 0.29-a0-723-gce39da1c22 (webtiles) character file.

Game seed: 4463712163439451845

587 bande the Covered (level 7, -4/44 HPs)
             Began as a Gargoyle Fighter on June 28, 2022.
             Shot with an arrow by a centaur (6 damage)
             ... on level 5 of the Dungeon.
             The game lasted 00:07:26 (5346 turns).

bande the Covered (Gargoyle Fighter)                Turns: 5346, Time: 00:07:27

Health: -4/44      AC: 17    Str: 20    XL:     7   Next: 38%
Magic:  7/7        EV:  9    Int:  8    God:
Gold:   184        SH:  6    Dex: 11    Spells: 6/6 levels left

rFire   . . .      SeeInvis .   a - +1 war axe (vorpal)
rCold   . . .      Faith    .   c - +1 buckler
rNeg    + . .      Spirit   .   b - +0 scale mail
rPois   ∞          Reflect  .   (no helmet)
rElec   +          Harm     .   s - +0 cloak
rCorr   .          Rampage  .   (no gloves)
Will    +....                   (no boots)
Stlth   ..........              (no amulet)
HPRegen 0.14/turn               f - +4 ring of protection
MPRegen 0.10/turn               r - ring of willpower

@: no status effects
A: sickness immunity, AC +4, negative energy resistance 1, electricity
resistance, torment resistance 1, petrification resistance
a: no special abilities


You were on level 5 of the Dungeon.
You visited 1 branch of the dungeon, and saw 5 of its levels.

You collected 184 gold pieces.

Inventory:

Hand Weapons
 a - a +1 vorpal war axe (weapon)
 l - a +0 flail
Armour
 b - a +0 scale mail (worn)
 c - a +1 buckler (worn)
 s - a +0 cloak (worn)
Jewellery
 f - a +4 ring of protection (left hand)
 r - a ring of willpower (right hand)
Wands
 j - a wand of paralysis (8)
Scrolls
 n - a scroll of enchant armour
 o - a scroll of fog
 q - 3 scrolls of identify
Potions
 d - 2 potions of might
 e - a potion of magic
 g - 2 potions of brilliance
 h - a potion of haste
 i - 2 potions of cancellation
 k - 4 potions of heal wounds
 m - 2 potions of flight
 p - 2 potions of curing


   Skills:
 + Level 4.3 Fighting
 + Level 5.0 Axes
 + Level 5.2 Armour
 - Level 0.2 Dodging
 + Level 4.5 Shields
 * Level 0.8 Evocations


You had 6 spell levels left.
You didn't know any spells.
Your spell library contained the following spells:

 Spells                   Type           Power      Damage    Failure   Level
 Summon Small Mammal      Summ           0%         N/A       83%         1
 Call Canine Familiar     Summ           0%         N/A       99%         3
 Ignite Poison            Fire/Tmut/Pois 0%         N/A       99%         3
 Mephitic Cloud           Conj/Pois/Air  0%         N/A       99%         3
 Summon Guardian Golem    Hex/Summ       0%         N/A       99%         3
 Freezing Cloud           Conj/Ice/Air   0%         6-21      100%        5


Dungeon Overview and Level Annotations

Branches:
Dungeon (5/15)
 Temple: D:4-7

Altars:
Hepliaklqana
Ru
Trog


Innate Abilities, Weirdness & Mutations

You are immune to sickness and miasma.
Your stone body is resilient. (AC +4)
You are immune to poison.
You resist negative energy. (rN+)
You are resistant to electric shocks. (rElec)
You are resistant to unholy torment.
You are immune to petrification.


Message History

The scorpion stings you but does no damage.
An adder comes into view.
The adder hisses angrily.
The centaur shoots an arrow.
The arrow completely misses you.
The orc priest looks satisfied for a moment.
The centaur shoots an arrow.
The arrow hits you. The scorpion attacks as you move away!
The scorpion stings you but does no damage.
You hit the adder.
The adder is moderately wounded.
You hit the scorpion. The scorpion misses you. The adder barely misses you.
You block the scorpion's attack.
Unknown command.
The orc attacks as you move away! The orc hits you but does no damage.
The adder closely misses you. The scorpion attacks as you move away!
You block the scorpion's attack. You block the adder's attack.
The adder bites you but does no damage. The scorpion attacks as you move away!
The scorpion stings you but does no damage.
The orc priest begins to cast a cantrip, but forgets the words!
You block the scorpion's attack. The orc attacks as you move away!
The orc hits you but does no damage. The scorpion attacks as you move away!
The scorpion completely misses you. The adder attacks as you move away!
The adder bites you but does no damage. x2
The centaur shoots an arrow.
The arrow hits you! You block the scorpion's attack.
The centaur shoots an arrow.
The arrow hits you!
* * * LOW HITPOINT WARNING * * *
The scorpion stings you but does no damage.
The adder attacks as you move away! The adder bites you.
* * * LOW HITPOINT WARNING * * *
The centaur shoots an arrow.
The arrow hits you.
* * * LOW HITPOINT WARNING * * *
The orc attacks as you move away! You block the orc's attack.
The adder attacks as you move away! The adder closely misses you.
The howler monkey hoots and howls with incredible vigour!
You hear a bellow!
You hear an angry hiss.
The adder attacks as you move away! The adder bites you but does no damage.
The centaur shoots an arrow.
The arrow hits you.
You die...

...........####...#..##....
.#...........#.#...........
#........#....###..##.....
#.#....###.........##.....
.##.......##.......#.>#......
..........#.......###.#......
#..###............##...#.†..#
#...##...###............).†.#
###.......o.S@.<........####†.
.....[......s............###...
..##.....o..c............##^...
##........oo####.........#.....
..#........o....#......##....^.†.
..........o.............#......^.
.........h...##...........##..^..
#......o....##............#.....
#.....<..#.##......##....##^^..


You could see a centaur, a scorpion, a howler monkey, an orc priest, an adder
and 5 orcs.

Vanquished Creatures
  An ogre (D:4)
  The ghost of turdburglar the Magician, an amateur HuHW (D:3)
  2 scorpions
  2 hounds
  2 orc wizards (D:3)
  4 gnolls
  5 adders
  A white imp (D:4)
  6 worms
  2 dart slugs (D:1)
  4 orcs
  8 endoplasms
  4 giant cockroaches
  11 goblins
  7 hobgoblins
  2 jackals (D:3)
  2 quokkas
  3 ball pythons
  11 bats
  A frilled lizard (D:1)
  4 kobolds
  6 rats
89 creatures vanquished.

Vanquished Creatures (others)
  An orc wizard (D:5)
1 creature vanquished.

Grand Total: 90 creatures vanquished

Notes
Turn   | Place    | Note
-------+----------+-------------------------------------------
     0 | D:1      | bande the Gargoyle Fighter began the quest for the Orb.
     0 | D:1      | Reached XP level 1. HP: 14/14 MP: 1/1
    88 | D:1      | Found a faded altar of an unknown god.
   129 | D:1      | Reached XP level 2. HP: 12/19 MP: 2/2
   878 | D:1      | Reached XP level 3. HP: 18/23 MP: 3/3
  1749 | D:2      | Reached XP level 4. HP: 28/28 MP: 4/4
  2735 | D:3      | Noticed turdburglar's ghost (amateur HuHW)
  2738 | D:3      | Found a runed translucent door.
  2758 | D:3      | Reached XP level 5. HP: 30/33 MP: 5/5
  3138 | D:3      | Found a hazy altar of Hepliaklqana.
  3330 | D:3      | Killed turdburglar's ghost
  3331 | D:3      | Reached XP level 6. HP: 11/38 MP: 6/6
  3723 | D:4      | Found a bloodstained altar of Trog.
  4496 | D:4      | Reached skill level 5 in Armour
  4496 | D:4      | Reached XP level 7. HP: 35/43 MP: 7/7
  5070 | D:4      | Found a sacrificial altar of Ru.
  5092 | D:5      | Entered Level 5 of the Dungeon
  5304 | D:5      | Reached skill level 5 in Axes
  5344 | D:5      | HP: 2/44 [centaur/arrow (1)]
  5346 | D:5      | Shot with an arrow by a centaur

Illustrated notes

Levels and vault maps discovered:
D:1:      zelgadis_glass_arrival_small, layout_loops_corners,
          ebering_ecumenical_altar_mist, minmay_indecisive_spiral
D:2:      layout_basic
D:3:      layout_basic, worldfamousw_hep_ancestral_shrine,
          hellmonk_ghost_happy_afterlife
D:4:      layout_loops_ring, kennysheep_mini,
          mainiacjoe_overflow_six_doors_small
D:5:      layout_cave_pools, mainiacjoe_overflow_small_starburst, minivault_26,
          kennysheep_cluttered_room, nicolae_wormholes

Skill      XL: |  1  2  3  4  5  6  7 |
---------------+----------------------+-----
Axes           | 2 3 4 5 |  5.0
Armour         | 4 5 |  5.2
Shields        | 4 |  4.5
Fighting       | 4 |  4.3
Dodging        | |  0.2
Evocations     | |  0.8

Action                   |  1- 3 |  4- 6 |  7- 9 || total
-------------------------+-------+-------+-------++-------
Melee: War axe           |    94 |   143 |    44 ||   281
  Use: Scroll            |     5 |     9 |     2 ||    16
Armor: Scale mail        |    58 |   102 |    35 ||   195
Dodge: Dodged            |    51 |    80 |    22 ||   153
Block: Buckler           |    26 |    43 |    18 ||    87

Table legend: (Time is in decaauts)
 A = Elapsed time spent in this place.
 B = Non-inter-level travel time spent in this place.
 C = Inter-level travel time spent in this place.
 D = Time resting spent in this place.
 E = Time spent auto-exploring this place.
 F = Levels seen in this place.
 G = Mean time per level.
                   A        B        C        D        E       F      G
               +--------+--------+--------+--------+--------+-----+--------+
         Total |   5455 |   5455 |      0 |   1274 |   3284 |   5 | 1091.0 |
       Dungeon |   5455 |   5455 |      0 |   1274 |   3284 |   5 | 1091.0 |
               +--------+--------+--------+--------+--------+-----+--------+

Top non-repeatable levels by time:
     D:3: 2047 daAuts
     D:1: 1504 daAuts
     D:4: 828 daAuts
     D:2: 813 daAuts
     D:5: 262 daAuts
